 Dungeon Crawl Stone Soup version 0.19.0-19-g8c6edcc (webtiles) character file.

904 aggelon the Quickloader (level 7, -5/55 HPs)
             Began as a Centaur Hunter on Nov 13, 2016.
             Shot with an arrow by a centaur (12 damage)
             ... on level 5 of the Dungeon.
             The game lasted 00:39:48 (6087 turns).

aggelon the Quickloader (Centaur Hunter)            Turns: 6087, Time: 00:39:49

Health: -5/55      AC:  4    Str: 16    XL:     7   Next: 80%
Magic:  7/7        EV:  9    Int: 10    God:
Gold:   145        SH:  0    Dex: 12    Spells: 0 memorised, 6 levels left

rFire  . . .     SeeInvis .     b - +0 short sword
rCold  . . .     Gourm    .     c - +0 leather armour
rNeg   . . .     Faith    .     (no shield)
rPois  .         Spirit   .     (no helmet)
rElec  .         Reflect  .     (no cloak)
rCorr  .         Harm     .     (no gloves)
MR     .....                    (no barding)
Stlth  +.........               (no amulet)
                                (no ring)
                                l - +2 ring of strength

@: very quick
A: hooves 3, deformed body, speed 2, tough skin 3
a: no special abilities


You were on level 5 of the Dungeon.
You were not hungry.

You visited 2 branches of the dungeon, and saw 6 of its levels.

You collected 145 gold pieces.

Inventory:

Hand Weapons
 a - a +1 hand crossbow
 b - a +0 short sword (weapon)
 n - a +0 flail
Missiles
 d - 33 bolts
Armour
 c - a +0 leather armour (worn)
 h - a +0 ring mail
 o - a +1 scale mail of cold resistance
Jewellery
 l - a +2 ring of strength (left hand)
Scrolls
 j - a scroll of magic mapping
 m - 2 scrolls of remove curse
Potions
 e - a potion of agility
 q - a potion of curing
Comestibles
 f - 5 bread rations
 g - 2 chunks of flesh
 i - 4 meat rations
 k - a slice of pizza


   Skills:
 - Level 2.0 Fighting
 * Level 10.6 Crossbows
 - Level 1.3 Dodging
 - Level 0.4 Stealth


You had 6 spell levels left.
You didn't know any spells.

Dungeon Overview and Level Annotations

Branches:
Dungeon (5/15)             Temple (1/1) D:5

Altars:
Dithmenos
Fedhas
Gozag
Hepliaklqana
Kikubaaqudgha
Makhleb
Nemelex Xobeh
Qazlal
Ru
Trog
Vehumet
Yredelemnul
Zin
The Shining One


Innate Abilities, Weirdness & Mutations

You have hooves in place of feet.
Armour fits poorly on your strangely shaped body.
You cover ground very quickly.
You have extremely tough skin. (AC +3)


Message History

You barely miss the centaur.
The centaur is lightly wounded.
The centaur hits you! The centaur hits you.
You hit the centaur but do no damage. You kick the centaur, but do no damage.
The centaur is lightly wounded.
The centaur hits you.
* * * LOW HITPOINT WARNING * * *
The centaur hits you.
* * * LOW HITPOINT WARNING * * *
The centaur wields an uncursed shortbow.
The centaur shoots an arrow.
The arrow closely misses you.
You see here an arrow.
The centaur shoots an arrow.
The arrow closely misses you.
The centaur shoots an arrow.
The arrow hits you.
* * * LOW HITPOINT WARNING * * *
You see here an arrow.
The centaur shoots an arrow.
The arrow barely misses you.
You see here an arrow.
The centaur shoots an arrow.
The arrow hits you!
You die...

....#.#......#.#.###..#.# #
.####.#..###.#.#.#.#c.#.#
.)....#....#.#.#(#.#..#.###.#
)######.........(......>.....
.######.....................#
))....###.#..........(.......
###...# #.#.##..(#...##.###.#
..#P..# # #. #...(...##.### #
..#...# ..###.@#.........
###...# #.......<...##.###
...# #..###..#...# # P...
............# #..##
...##..#..###.###
#..#......... #..#..###.##
.#.#..#..# .........#


You could see a centaur.

Vanquished Creatures
  Sigmund (D:4)
  Duvessa (D:4)
  Dowan (D:4)
  A scorpion (D:4)
  A water moccasin skeleton (D:5)
  A centaur zombie (D:3)
  A hound (D:4)
  An orc priest (D:4)
  2 orc wizards (D:4)
  Natasha (thrice) (D:2)
  2 worker ants (D:4)
  A worker ant zombie (D:5)
  6 adders
  4 gnolls
  A shadow imp (D:5)
  An ooze (D:3)
  An adder skeleton (D:4)
  A worm (D:2)
  A dart slug (D:1)
  4 leopard geckos
  8 orcs
  6 giant cockroaches
  8 goblins
  9 hobgoblins
  5 quokkas
  2 ball pythons
  8 bats
  5 frilled lizards
  6 kobolds
  A leopard gecko skeleton (D:4)
  6 rats
99 creatures vanquished.

Notes
Turn   | Place    | Note
-------+----------+-------------------------------------------
     0 | D:1      | aggelon the Centaur Hunter began the quest for the Orb.
     0 | D:1      | Reached XP level 1. HP: 17/17 MP: 1/1
   331 | D:1      | Reached XP level 2. HP: 23/24 MP: 2/2
   376 | D:1      | Reached skill level 5 in Crossbows
   911 | D:2      | Reached XP level 3. HP: 15/29 MP: 3/3
  1392 | D:2      | Noticed Natasha
  1730 | D:2      | Killed Natasha
  1730 | D:2      | Reached skill level 6 in Crossbows
  1913 | D:2      | Reached XP level 4. HP: 22/36 MP: 4/4
  2237 | D:2      | Noticed Natasha
  2239 | D:2      | Killed Natasha
  2452 | D:2      | Noticed Natasha
  2455 | D:2      | Killed Natasha
  2660 | D:3      | Reached skill level 7 in Crossbows
  2660 | D:3      | Reached XP level 5. HP: 30/41 MP: 5/5
  4051 | D:4      | Reached skill level 8 in Crossbows
  4051 | D:4      | Reached XP level 6. HP: 48/48 MP: 6/6
  4322 | D:4      | Noticed Sigmund
  4322 | D:4      | Noticed Duvessa
  4322 | D:4      | Noticed Dowan
  4343 | D:4      | Killed Duvessa
  4343 | D:4      | Reached skill level 9 in Crossbows
  4343 | D:4      | Reached XP level 7. HP: 47/55 MP: 7/7
  4600 | D:4      | Killed Sigmund
  4708 | D:4      | Killed Dowan
  4708 | D:4      | Reached skill level 10 in Crossbows
  5036 | D:5      | Entered Level 5 of the Dungeon
  5369 | D:5      | Found a sacrificial altar of Ru.
  5647 | D:5      | Found a staircase to the Ecumenical Temple.
  5657 | Temple   | Entered the Ecumenical Temple
  6087 | D:5      | Shot with an arrow by a centaur

Skill      XL: |  1  2  3  4  5  6  7 |
---------------+----------------------+-----
Crossbows      | 5 6 7 8 9 10 | 10.6
Fighting       | |  2.0
Dodging        | |  1.3
Stealth        | |  0.4

Action                   |  1- 3 |  4- 6 |  7- 9 || total
-------------------------+-------+-------+-------++-------
Melee: Short sword       |   142 |   146 |    52 ||   340
       Kick              |    26 |    37 |    14 ||    77
       Flail             |       |       |     9 ||     9
 Fire: Hand crossbow     |     2 |    48 |    50 ||   100
  Use: Scroll            |     2 |     4 |     2 ||     8
       Potion            |       |     3 |     1 ||     4
  Eat: Chunk             |     2 |     7 |     3 ||    12
       Royal jelly       |       |       |     1 ||     1
Armor: Leather armour    |    42 |    35 |    22 ||    99
Dodge: Dodged            |    55 |    84 |    39 ||   178
